% Time on Ice - SPOKANE KNIGHTS
Lines # - Real PCT - Wanted PCT - Time Play
Normal Forward
1 - 34% - 35% - 17:28
2 - 38% - 35% - 19:27
3 - 12% - 15% - 6:10
4 - 15% - 15% - 7:50
Normal Defense
1 - 42% - 40% - 21:19
2 - 28% - 30% - 14:03
3 - 25% - 20% - 12:51
4 - 5% - 10% - 2:42
PP Forward
1 - 63% - 60% - 3:12
2 - 37% - 40% - 1:55
PP Defense
1 - 45% - 60% - 2:17
2 - 55% - 40% - 2:50
PK Forward
1 - 79% - 60% - 1:34
2 - 21% - 40% - 0:25
PK Defense
1 - 57% - 60% - 1:08
2 - 43% - 40% - 0:51
PK3 Forward
1 - 0% - 60%
2 - 0% - 40%
PK3 Defense
1 - 0% - 60%
2 - 0% - 40%
44 Forward
1 - 42% - 50% - 0:50
2 - 58% - 50% - 1:09
44 Defense
1 - 97% - 60% - 1:55
2 - 3% - 40% - 0:04
Last Minute Offensive  - 0:00
Last Minute Defensive  - 0:00
Total
Forward - 60:00
Defense - 60:00
% Time on Ice - PORTLAND PIRATES
Lines # - Real PCT - Wanted PCT - Time Play
Normal Forward
1 - 38% - 38% - 18:54
2 - 34% - 35% - 16:47
3 - 23% - 22% - 11:22
4 - 6% - 5% - 2:57
Normal Defense
1 - 37% - 36% - 18:27
2 - 37% - 36% - 18:41
3 - 23% - 22% - 11:35
4 - 3% - 6% - 1:17
PP Forward
1 - 39% - 60% - 0:47
2 - 61% - 40% - 1:12
PP Defense
1 - 39% - 60% - 0:47
2 - 61% - 40% - 1:12
PK Forward
1 - 66% - 60% - 3:24
2 - 34% - 40% - 1:43
PK Defense
1 - 49% - 60% - 2:30
2 - 51% - 40% - 2:37
PK3 Forward
1 - 0% - 60%
2 - 0% - 40%
PK3 Defense
1 - 0% - 60%
2 - 0% - 40%
44 Forward
1 - 98% - 60% - 1:57
2 - 2% - 40% - 0:02
44 Defense
1 - 98% - 60% - 1:57
2 - 2% - 40% - 0:02
Last Minute Offensive  - 0:55
Last Minute Defensive  - 0:00
Total
Forward - 60:00
Defense - 60:00
Play-by-Play 1st period 0:01 of 1st period - Patrice Bergeron wins face-off versus Jonathan Toews in neutral zone. 0:06 of 1st period - Rasmus Ristolainen is hit by Patrice Bergeron and loses puck. 0:42 of 1st period - Shot by Gabriel Landeskog. 0:42 of 1st period - Stopped by Frederik Andersen without a rebound. 0:43 of 1st period - Sebastian Aho wins face-off versus Yanni Gourde in SPOKANE KNIGHTS zone. 1:14 of 1st period - Shot by Robert Thomas. 1:14 of 1st period - Shot Blocked by Nick Foligno. 1:16 of 1st period - Shot by Travis Hamonic. 1:16 of 1st period - Stopped by Frederik Andersen without a rebound. 1:17 of 1st period - Paul Stastny wins face-off versus Chandler Stephenson in SPOKANE KNIGHTS zone. 1:19 of 1st period - Mario Ferraro is hit by Brett Connolly and loses puck. 1:30 of 1st period - Minor Penalty to Alec Martinez for Hooking. 1:31 of 1st period - Sebastian Aho wins face-off versus Chandler Stephenson in PORTLAND PIRATES zone. 1:54 of 1st period - Shot by Sebastian Aho. 1:54 of 1st period - Stopped by Ben Bishop with a rebound. 1:56 of 1st period - Shot by Sebastian Aho. 1:56 of 1st period - Shot Blocked by Brett Pesce. 2:35 of 1st period - Off-side. 2:36 of 1st period - Patrice Bergeron wins face-off versus Michael Amadio in neutral zone. 2:56 of 1st period - Shot by Bryan Rust. 2:56 of 1st period - Stopped by Ben Bishop without a rebound. 2:57 of 1st period - Sebastian Aho wins face-off versus Jason Dickinson in PORTLAND PIRATES zone. 3:04 of 1st period - Shot by Matthew Tkachuk. 3:04 of 1st period - Stopped by Ben Bishop without a rebound. 3:05 of 1st period - Patrice Bergeron wins face-off versus Chandler Stephenson in PORTLAND PIRATES zone. 3:33 of 1st period - Icing by Nick Foligno. 3:34 of 1st period - Jonathan Toews wins face-off versus Sebastian Aho in SPOKANE KNIGHTS zone. 3:41 of 1st period - Shot by Sebastian Aho. 3:41 of 1st period - Shot Misses the Net. 3:51 of 1st period - Shot by Rickard Rakell. 3:51 of 1st period - Stopped by Frederik Andersen with a rebound. 3:53 of 1st period - Shot by Alec Martinez. 3:53 of 1st period - Shot Misses the Net. 3:55 of 1st period - Shot by Gabriel Landeskog. 3:55 of 1st period - Stopped by Frederik Andersen without a rebound. 3:56 of 1st period - Patrice Bergeron wins face-off versus Chandler Stephenson in SPOKANE KNIGHTS zone. 3:56 of 1st period - Patrice Bergeron is hit by Brett Connolly. 4:04 of 1st period - Shot by Patrice Bergeron. 4:04 of 1st period - Stopped by Ben Bishop without a rebound. 4:05 of 1st period - Paul Stastny wins face-off versus Jonathan Toews in PORTLAND PIRATES zone. 4:27 of 1st period - Shot by Victor Hedman. 4:27 of 1st period - Stopped by Ben Bishop without a rebound. 4:28 of 1st period - Yanni Gourde wins face-off versus Patrice Bergeron in PORTLAND PIRATES zone. 4:33 of 1st period - Shot by Robert Thomas. 4:33 of 1st period - Stopped by Frederik Andersen without a rebound. 4:34 of 1st period - Yanni Gourde wins face-off versus Bryan Rust in SPOKANE KNIGHTS zone. 4:35 of 1st period - Shot by Travis Konecny. 4:35 of 1st period - Stopped by Frederik Andersen without a rebound. 4:36 of 1st period - Yanni Gourde wins face-off versus Patrice Bergeron in SPOKANE KNIGHTS zone. 4:54 of 1st period - Shot by Robert Thomas. 4:54 of 1st period - Shot Misses the Net. 5:05 of 1st period - Icing by Victor Hedman. 5:06 of 1st period - Patrice Bergeron wins face-off versus Chandler Stephenson in SPOKANE KNIGHTS zone. 5:50 of 1st period - Patrice Bergeron is hit by Rasmus Ristolainen and loses puck. 6:29 of 1st period - Shot by Sebastian Aho. 6:29 of 1st period - Shot Blocked by Travis Hamonic. 6:31 of 1st period - Shot by Patrick Kane. 6:31 of 1st period - Shot Misses the Net. 6:33 of 1st period - Shot by Sebastian Aho. 6:33 of 1st period - Stopped by Ben Bishop without a rebound. 6:34 of 1st period - Jonathan Toews wins face-off versus Valeri Nichushkin in PORTLAND PIRATES zone. 6:54 of 1st period - Shot by Valeri Nichushkin. 6:54 of 1st period - Stopped by Ben Bishop with a rebound. 6:56 of 1st period - Shot by Cale Makar. 6:56 of 1st period - Stopped by Ben Bishop without a rebound. 6:57 of 1st period - Sebastian Aho wins face-off versus Yanni Gourde in PORTLAND PIRATES zone. 7:21 of 1st period - Shot by Robert Thomas. 7:21 of 1st period - Shot Misses the Net. 7:23 of 1st period - Shot by Robert Thomas. 7:23 of 1st period - Shot Misses the Net. 7:37 of 1st period - Shot by Travis Konecny. 7:37 of 1st period - Stopped by Frederik Andersen with a rebound. 7:58 of 1st period - Off-side. 7:59 of 1st period - Paul Stastny wins face-off versus Chandler Stephenson in neutral zone. 8:18 of 1st period - Shot by Cale Makar. 8:18 of 1st period - Stopped by Ben Bishop without a rebound. 8:19 of 1st period - Jonathan Toews wins face-off versus Patrice Bergeron in PORTLAND PIRATES zone. 8:19 of 1st period - Gabriel Landeskog is hit by Bryan Rust and loses puck. 8:28 of 1st period - Shot by Gabriel Landeskog. 8:28 of 1st period - Deflect By Rickard Rakell. 8:28 of 1st period - Stopped by Frederik Andersen with a rebound. 8:30 of 1st period - Shot by Brett Pesce. 8:30 of 1st period - Shot Misses the Net. 8:54 of 1st period - Shot by Gabriel Landeskog. 8:54 of 1st period - Stopped by Frederik Andersen without a rebound. 8:55 of 1st period - Sebastian Aho wins face-off versus Yanni Gourde in SPOKANE KNIGHTS zone. 8:55 of 1st period - Sebastian Aho is hit by Yanni Gourde. 9:02 of 1st period - Patrick Kane is hit by Alec Martinez and loses puck. 9:10 of 1st period - Off-side. 9:11 of 1st period - Paul Stastny wins face-off versus Chandler Stephenson in neutral zone. 9:13 of 1st period - Off-side. 9:14 of 1st period - Paul Stastny wins face-off versus Jonathan Toews in neutral zone. 9:49 of 1st period - Shot by Jonathan Toews. 9:49 of 1st period - Stopped by Frederik Andersen without a rebound. 9:50 of 1st period - Yanni Gourde wins face-off versus Sebastian Aho in SPOKANE KNIGHTS zone. 10:59 of 1st period - Shot by Jonathan Toews. 10:59 of 1st period - Shot Blocked by Cale Makar. 12:00 of 1st period - Shot by Chandler Stephenson. 12:00 of 1st period - Stopped by Frederik Andersen with a rebound. 12:02 of 1st period - Shot by Travis Hamonic. 12:02 of 1st period - Stopped by Frederik Andersen with a rebound. 12:04 of 1st period - Shot by Jason Dickinson. 12:04 of 1st period - Shot Misses the Net. 12:26 of 1st period - Shot by Brett Connolly. 12:26 of 1st period - Stopped by Frederik Andersen without a rebound. 12:27 of 1st period - Yanni Gourde wins face-off versus Sebastian Aho in SPOKANE KNIGHTS zone. 12:28 of 1st period - Shot by Travis Konecny. 12:28 of 1st period - Stopped by Frederik Andersen without a rebound. 12:29 of 1st period - Sebastian Aho wins face-off versus Jonathan Toews in SPOKANE KNIGHTS zone. 12:29 of 1st period - Sebastian Aho is hit by Rickard Rakell. 12:30 of 1st period - Minor Penalty to Gabriel Landeskog for Hooking. 12:31 of 1st period - Yanni Gourde wins face-off versus Sebastian Aho in PORTLAND PIRATES zone. 13:19 of 1st period - Off-side. 13:20 of 1st period - Patrice Bergeron wins face-off versus Michael Amadio in neutral zone. 13:39 of 1st period - Shot by Patrice Bergeron. 13:39 of 1st period - Goal by Patrice Bergeron - SPOKANE KNIGHTS : 1 - PORTLAND PIRATES : 0. 13:40 of 1st period - Paul Stastny wins face-off versus Jonathan Toews in neutral zone. 13:43 of 1st period - Shot by Paul Stastny. 13:43 of 1st period - Goal by Paul Stastny - SPOKANE KNIGHTS : 2 - PORTLAND PIRATES : 0. 13:44 of 1st period - Jonathan Toews wins face-off versus Paul Stastny in neutral zone. 13:57 of 1st period - Brett Pesce is hit by Paul Stastny and loses puck. 14:10 of 1st period - Rasmus Ristolainen is hit by Justin Abdelkader and loses puck. 14:19 of 1st period - Shot by Paul Stastny. 14:19 of 1st period - Stopped by Ben Bishop without a rebound. 14:20 of 1st period - Sebastian Aho wins face-off versus Yanni Gourde in PORTLAND PIRATES zone. 14:21 of 1st period - Shot by Nick Foligno. 14:21 of 1st period - Shot Misses the Net. 14:43 of 1st period - Shot by Sebastian Aho. 14:43 of 1st period - Stopped by Ben Bishop without a rebound. 14:44 of 1st period - Brett Connolly wins face-off versus Patrice Bergeron in PORTLAND PIRATES zone. 15:18 of 1st period - Jason Dickinson is hit by Roman Polak and loses puck. 16:00 of 1st period - Shot by Patrick Kane. 16:00 of 1st period - Stopped by Ben Bishop without a rebound. 16:01 of 1st period - Paul Stastny wins face-off versus Jonathan Toews in PORTLAND PIRATES zone. 16:16 of 1st period - Shot by Paul Stastny. 16:16 of 1st period - Stopped by Ben Bishop without a rebound. 16:17 of 1st period - Yanni Gourde wins face-off versus Sebastian Aho in PORTLAND PIRATES zone. 16:36 of 1st period - Shot by Robert Thomas. 16:36 of 1st period - Shot Blocked by Cale Makar. 16:40 of 1st period - Shot by Travis Konecny. 16:40 of 1st period - Stopped by Frederik Andersen without a rebound. 16:41 of 1st period - Jonathan Toews wins face-off versus Patrice Bergeron in SPOKANE KNIGHTS zone. 16:56 of 1st period - Shot by Gabriel Landeskog. 16:56 of 1st period - Shot Misses the Net. 17:56 of 1st period - Icing by Cale Makar. 17:57 of 1st period - Chandler Stephenson wins face-off versus Sebastian Aho in SPOKANE KNIGHTS zone. 19:25 of 1st period - Shot by Travis Konecny. 19:25 of 1st period - Shot Misses the Net. 19:27 of 1st period - Shot by Travis Hamonic. 19:27 of 1st period - Shot Misses the Net. 19:29 of 1st period - Shot by Yanni Gourde. 19:29 of 1st period - Stopped by Frederik Andersen without a rebound. 19:30 of 1st period - Jonathan Toews wins face-off versus Patrice Bergeron in SPOKANE KNIGHTS zone. Goals for this period are 2 for SPOKANE KNIGHTS vs 0 for PORTLAND PIRATES. Shots for this period are 15 for SPOKANE KNIGHTS vs 16 for PORTLAND PIRATES. 2nd period 0:01 of 2nd period - Yanni Gourde wins face-off versus Sebastian Aho in neutral zone. 0:29 of 2nd period - Shot by Victor Hedman. 0:29 of 2nd period - Stopped by Ben Bishop without a rebound. 0:30 of 2nd period - Paul Stastny wins face-off versus Chandler Stephenson in PORTLAND PIRATES zone. 0:30 of 2nd period - Cale Makar is hit by Travis Hamonic and loses puck. 0:33 of 2nd period - Shot by Paul Stastny. 0:33 of 2nd period - Stopped by Ben Bishop without a rebound. 0:34 of 2nd period - Paul Stastny wins face-off versus Chandler Stephenson in PORTLAND PIRATES zone. 0:58 of 2nd period - Shot by Chandler Stephenson. 0:58 of 2nd period - Shot Blocked by Paul Stastny. 1:06 of 2nd period - Shot by Chandler Stephenson. 1:06 of 2nd period - Shot Blocked by Jared Spurgeon. 1:10 of 2nd period - Shot by Brett Connolly. 1:10 of 2nd period - Stopped by Frederik Andersen without a rebound. 1:11 of 2nd period - Sebastian Aho wins face-off versus Jonathan Toews in SPOKANE KNIGHTS zone. 1:11 of 2nd period - Sebastian Aho is hit by Rickard Rakell. 1:38 of 2nd period - Shot by Patrick Kane. 1:38 of 2nd period - Shot Misses the Net. 1:58 of 2nd period - Shot by Gabriel Landeskog. 1:58 of 2nd period - Shot Misses the Net. 1:59 of 2nd period - Minor Penalty to Jonathan Toews for Holding. 2:00 of 2nd period - Patrice Bergeron wins face-off versus Chandler Stephenson in